cohdb
Replays
Latest Replays
All Replays
Popular Replays
Top Player Replays
Match Explorer
How It Works
Community
CoH3 Stats
Reddit
Sign in to upload your games and track your stats! →
Sign in with Steam
Match 45909359
Unlisted
Match 45909359
Overview
Messages
Build Orders
End
Pioneer Squad
Construct Infanterie Kompanie
Grenadier Squad
Selects Breakthrough Battlegroup
Selects Breakthrough Battlegroup
Selects Assault Grenadiers
Grenadier Squad
Grenadier Squad
Construct Panzergrenadier Kompanie
Medical Station
251 Medium Carrier
Selects Breakthrough
Breakthrough
Pak 40 Anti-tank Gun Team
MG 42 Machine Gun Team
Selects Mechanized Assault Group
Selects Rapid Production
Mechanized Assault Group
Breakthrough
Construct Panzer Kompanie
Panzer IV Medium Tank
Jesulin
Alfonso
0
0
Comments
sign in to comment!
No comments posted yet!